 Dungeon Crawl Stone Soup version 0.22-a0-283-g1871b15 (webtiles) character file.

247386 puppykicker the Cruncher (level 18, -10/154 HPs)
             Began as a Minotaur Arcane Marksman on Mar 19, 2018.
             Was the Champion of Kikubaaqudgha.
             Mangled by a deep troll earth mage (19 damage)
             ... on level 1 of the Depths.
             The game lasted 03:27:53 (46071 turns).

puppykicker the Cruncher (MiAM)                    Turns: 46071, Time: 03:27:54

Health: -10/154    AC: 26    Str: 22    XL:     18   Next: 82%
Magic:  6/29       EV: 20    Int: 16    God:    Kikubaaqudgha [******]
Gold:   357        SH:  0    Dex: 11    Spells: 1/33 levels left

rFire    . . .     SeeInvis +   a - +9 lajatang (pain)
rCold    . . .     Gourm    .   (shield currently unavailable)
rNeg     . . .     Faith    .   v - +6 acid dragon scales
rPois    +         Spirit   .   K - +2 hat
rElec    .         Reflect  .   T - +2 cloak {rPois}
rCorr    +         Harm     .   E - +2 pair of gloves {Str+3}
MR       +....     Clarity  +   n - +0 pair of boots
Stlth    +.........             x - amulet of the acrobat
HPRegen  1.35/turn              S - ring of see invisible
MPRegen  0.21/turn              o - +4 ring of evasion

@: regenerating, invisible
A: retaliatory headbutt, horns 2, clarity, strong 1
}: 2/15 runes: serpentine, barnacled
a: Receive Corpses, Torment, Renounce Religion


You were on level 1 of the Depths.
You worshipped Kikubaaqudgha.
Kikubaaqudgha was exalted by your worship.
You were not hungry.

You visited 7 branches of the dungeon, and saw 33 of its levels.
You also visited: Labyrinth.

You collected 4044 gold pieces.
You spent 3687 gold pieces at shops.


Innate Abilities, Weirdness & Mutations

You reflexively headbutt those who attack you in melee.
You have a pair of horns on your head.
You possess an exceptional clarity of mind.
Your muscles are strong. (Str +2)


   Skills:
 + Level 12.2 Fighting
 + Level 14.1 Staves
 + Level 13.7 Crossbows
 + Level 12.6 Armour
 + Level 10.0 Dodging
 + Level 8.1 Spellcasting
 - Level 4.0 Hexes
 - Level 4.6 Charms
 * Level 13.7 Necromancy
 - Level 4.0 Translocations
 - Level 8.0 Earth Magic
 - Level 4.2 Evocations


You had one spell level left.
You knew the following spells:

 Your Spells              Type           Power        Failure   Level  Hunger
a - Borgnjor's Vile Clut  Necr/Erth      #####.....   4%          5    #####..
b - Death Channel         Necr           ######....   7%          6    ######.
c - Vampiric Draining     Necr           ######....   1%          3    #......
e - Dispel Undead         Necr           ######..     1%          5    #####..
f - Portal Projectile     Hex/Tloc       ###...       8%          3    #......
p - Blink                 Tloc           N/A          3%          2    None
r - Regeneration          Chrm/Necr      #####.....   1%          3    #......
z - Animate Skeleton      Necr           N/A          1%          1    None
Z - Animate Dead          Necr           N/A          1%          4    ###....

Inventory:

Hand Weapons
 a - a +9 lajatang of pain (weapon)
 b - a +4 triple crossbow of flaming
 c - a +0 blowgun
 w - the +6 lajatang of Blind Justice {speed, +Blink MR+}
   (You bought it in a shop on level 2 of the Orcish Mines)

   Attacks with this weapon are significantly faster.
   It affects your resistance to hostile enchantments.
   It lets you blink.
Missiles
 d - 125 bolts
 j - 21 javelins of penetration (quivered)
 B - 7 throwing nets
 Z - 6 curare-tipped needles
Armour
 m - +2 storm dragon scales {Bai Suzhen}
 n - a +0 pair of boots (worn)
 v - +6 acid dragon scales (worn)
 E - a +2 pair of gloves of strength (worn)
 K - a +2 hat (worn)
 T - a +2 cloak of poison resistance (worn)
 X - +0 fire dragon scales
Jewellery
 e - an uncursed ring of poison resistance
 o - a +4 ring of evasion (right hand)
 x - an amulet of the acrobat (around neck)
 y - an uncursed ring of protection from fire
 Q - an uncursed ring of resist corrosion
 S - a ring of see invisible (left hand)
Wands
 h - a wand of disintegration (8)
 u - a wand of polymorph (16)
 z - a wand of paralysis (25)
 I - a wand of flame (63)
 L - a wand of digging (101)
 V - a wand of iceblast (9)
 W - a wand of acid (8)
Scrolls
 p - 5 scrolls of teleportation
 r - 11 scrolls of fog
 s - 2 scrolls of holy word
 C - 2 scrolls of torment {!r}
 F - 14 scrolls of identify
 G - a scroll of summoning
 H - 3 scrolls of silence
 N - 5 scrolls of fear
 P - 9 scrolls of remove curse
Potions
 i - a potion of might
 k - 4 potions of lignification {!q}
 l - 5 potions of haste
 q - 3 potions of brilliance
 t - a potion of magic
 A - 8 potions of curing
 D - a potion of invisibility
 J - 7 potions of flight
 O - a potion of ambrosia
 R - 3 potions of agility
Miscellaneous
 g - a phial of floods
 M - a lamp of fire
Comestibles
 f - 49 rations

Dungeon Overview and Level Annotations

Branches:
Dungeon (15/15)            Temple (1/1) D:7            Lair (6/6) D:8
 Shoals (4/4) Lair:2        Snake (4/4) Lair:2        Slime (0/5) Lair:6
    Orc (2/2) D:12            Elf (0/3) Orc:2        Vaults (0/5) D:13
 Depths (1/5) D:15

Altars:
Ashenzari
Cheibriados
Dithmenos
Elyvilon
Fedhas
Gozag
Hepliaklqana
Kikubaaqudgha
Makhleb
Nemelex Xobeh
Okawaru
Qazlal
Ru
Sif Muna
Trog
Uskayaw
Vehumet
Wu Jian
Xom
Yredelemnul
Zin
The Shining One
Beogh
Jiyva

Shops:
D:6 ?   D:7 !   D:12 *   Orc:2 :*[(   Shoals:4 ?   Snake:2 *(}[   Snake:3 }=}
Snake:4 *

Portals:
Pandemonium: Depths:1
Bazaar: Shoals:2
Trove: D:11 (give +4 demon whip)

Annotations:
D:2 digging

## #.###### #.....#
#..##.# #.### #####$.#.#
#.#.. ###.....T..#
#.#.####### #......CT..#
#.#.#... ..
#.#.###T#....#.#.#.####.
# #@#..T............
#.#........#.####.
#.#...............
..#..........###(.
####.###.#T#..##.#
...#.T..........
############.########.##
#.................###..#
#.##########.##...##....


You could see a frost giant, a deep troll, a deep troll earth mage and a deep
troll shaman.


Message History

Unknown command.
You hit the frost giant.
The frost giant writhes in agony.
The frost giant is moderately wounded.
The deep troll earth mage barely misses you. x2
The deep troll earth mage claws you but does no damage.
The deep troll shaman calls upon its god to speed up the deep troll.
The deep troll seems to speed up.
The frost giant points at you and mumbles some strange words.
The bolt of cold hits you!
* * * LOW HITPOINT WARNING * * *
You slash the frost giant!
The frost giant writhes in agony.
You headbutt the frost giant.
The frost giant is heavily wounded.
The deep troll earth mage completely misses you.
You furiously retaliate!
You headbutt the deep troll earth mage.
The deep troll earth mage claws you but does no damage.
The deep troll earth mage closely misses you.
The frost giant hits you with a battleaxe of freezing!!
* * * LOW HITPOINT WARNING * * *
The frost giant freezes you.
* * * LOW HITPOINT WARNING * * *
Okay, then.
Okay, then.
You blink.
Unknown command.
Okay, then.
You fade into invisibility!
The deep troll earth mage bites you!!
You die...
Kikubaaqudgha rasps: "You have failed me!
Welcome... death!"

Action                   |  1- 3 |  4- 6 |  7- 9 | 10-12 | 13-15 | 16-18 || total
-------------------------+-------+-------+-------+-------+-------+-------++-------
Melee: Dagger            |   103 |    48 |       |       |       |       ||   151
       Headbutt          |    14 |    18 |    27 |   115 |   177 |   199 ||   550
       Trident           |       |    54 |    21 |       |       |       ||    75
       Quarterstaff      |       |       |    96 |       |       |       ||    96
       Falchion          |       |       |    71 |   518 |       |       ||   589
       Lajatang          |       |       |       |    42 |  1061 |  1195 ||  2298
 Fire: Hand crossbow     |     4 |    95 |    76 |    43 |   138 |       ||   356
       Triple crossbow   |       |       |       |       |       |    77 ||    77
Throw: Javelin           |       |       |     3 |       |     1 |     2 ||     6
       Throwing net      |       |       |     1 |       |     3 |       ||     4
       Tomahawk          |       |       |       |     2 |       |       ||     2
 Cast: Corona            |     2 |     1 |       |       |       |       ||     3
       Animate Skeleton  |       |       |       |    60 |    69 |    54 ||   183
       Animate Dead      |       |       |       |     5 |    52 |    85 ||   142
       Regeneration      |       |       |       |     3 |    21 |   119 ||   143
       Portal Projectile |       |       |       |       |     3 |     6 ||     9
       Blink             |       |       |       |       |       |     6 ||     6
       Dispel Undead     |       |       |       |       |       |     5 ||     5
       Vampiric Draining |       |       |       |       |       |    30 ||    30
       Death Channel     |       |       |       |       |       |     3 ||     3
Invok: Brand Weapon With |       |       |       |       |     1 |       ||     1
       Receive Corpses   |       |       |       |       |       |    15 ||    15
Evoke: Wand              |       |       |    22 |    39 |    15 |     2 ||    78
       Box of beasts     |       |       |       |       |     1 |       ||     1
       Sack of spiders   |       |       |       |       |     1 |       ||     1
       Phial of floods   |       |       |       |       |       |     1 ||     1
  Use: Scroll            |     3 |     7 |     8 |    21 |    20 |    15 ||    74
       Potion            |     2 |       |       |     8 |     2 |    14 ||    26
 Stab: Sleeping          |     4 |       |       |       |       |       ||     4
       Distracted        |       |       |       |     1 |     2 |     4 ||     7
       Held in net/web   |       |       |       |       |     1 |       ||     1
  Eat: Chunk             |     3 |     9 |    12 |    31 |    37 |    30 ||   122
       Ration            |       |       |       |     3 |     7 |    13 ||    23
Armor: Robe              |    15 |     6 |       |       |       |       ||    21
       Skin              |    11 |       |       |       |       |       ||    11
       Ring mail         |       |     8 |       |   180 |     9 |       ||   197
       Scale mail        |       |    16 |    27 |       |       |       ||    43
       Chain mail        |       |       |    30 |    59 |       |       ||    89
       Acid dragon scale |       |       |       |       |   227 |   453 ||   680
Dodge: Dodged            |    71 |    96 |   150 |   701 |  1018 |  1396 ||  3432
Block: Other             |       |       |    24 |    23 |       |       ||    47
       Reflection        |       |       |       |     3 |       |       ||     3
       Rpst.: Falchion   |       |       |     6 |   191 |       |       ||   197

Vault maps used:
D:1:      evilmike_arrival_hilbert_curve, hangedman_decor_clover_reticule,
          minmay_misc_feat_nine_boxes, minmay_small_reverse_x
D:2:      due_unseen_surprise, uniq_robin, uniq_natasha
D:3:      lemuel_round_altar
D:5:      first_ration
D:6:      yredelemnul_altar_generic, serial_shops, shop, uniq_grinder
D:7:      cheibrodos_grave_circle, minitemple, old_standard_altar,
          lemuel_temple_firewalk_a, serial_shops, shop, uniq_joseph
D:8:      due_lair_maze_entry_diamond
D:9:      basic_altar, grunt_ogre_cave, st_stairs_14
D:11:     enter_trove_0
D:12:     minmay_orc_entry_guard_dogs, serial_shops, nicolae_shop_crystal,
          minmay_misc_feat_plants
D:13:     cheibrodos_orc_bank, grunt_vaults_entry_fortified, uniq_azrael
D:14:     minivault_14, minivault_14
D:15:     hangedman_depths_entry_try_elsewhere_first, dk_noncrumbling_4
Temple:   dshaligram_water_room_temple
Lair:1:   lemuel_fruit_tree, grunt_megastairs_1, infiniplex_staircase_pool_2,
          uniq_sonja
Lair:2:   elwin_shoals_entry_rooms, guppyfry_snake_entry_island, basic_altar,
          minmay_holes, grunt_megastairs_3
Lair:3:   grunt_megastairs_2
Lair:4:   lab_entry_generic, uniq_josephine
Lair:6:   minmay_lair_end_frog_pond, slime_altar_1
Shoals:1: portal_ice_cave_entry_ice_statue_one
Shoals:2: serial_shops, statue_bzr, uniq_jorgrun, uniq_nikola, uniq_frances
Shoals:3: nicolae_shoals_drake_roost
Shoals:4: shoals_end_grunt_ice, shoals_ilsuiw_ice, serial_shops, shop,
          nicolae_shop_window_shopping, lightli_airlock, uniq_bai_suzhen
Snake:1:  grunt_megastairs_4, serial_bayou_shore_b
Snake:2:  minmay_shop_grid_forest, serial_bayou_ford_a
Snake:3:  minmay_shop_grove
Snake:4:  snake_pit, serial_shops, shop, st_stairs_13, serial_bayou_pond_a
Orc:1:    basic_altar, bloody_trog
Orc:2:    st_orc_congregation
Depths:1: serial_curves, eino_curves_01, eino_curves_03, rand_demon_pan_entry_8,
          abyss_entry_small_statue_room, hell_entry, minmay_misc_feat_columns,
          lightli_gold_pyramid, firewood_loft
Lab:      labyrinth_mini_lab, nicolae_lab_stuck, labyrinth_skeletal_remains,
          nicolae_lab_diamond

Notes
Turn   | Place    | Note
-------+----------+-------------------------------------------
     0 | D:1      | puppykicker the Minotaur Arcane Marksman began the quest for the Orb.
     0 | D:1      | Reached XP level 1. HP: 16/16 MP: 1/1
   492 | D:1      | HP: 1/16 [hobgoblin (5)]
   493 | D:1      | Reached XP level 2. HP: 2/24 MP: 0/2
   654 | D:1      | Reached skill level 3 in Crossbows
   876 | D:1      | Reached skill level 2 in Fighting
  1274 | D:2      | Noticed Robin
  1293 | D:1      | Killed Robin
  1293 | D:1      | Reached XP level 3. HP: 5/30 MP: 3/3
  1654 | D:2      | Reached skill level 4 in Crossbows
  1777 | D:2      | Reached XP level 4. HP: 37/37 MP: 4/4
  2101 | D:2      | Noticed Natasha
  2108 | D:2      | Killed Natasha
  2108 | D:2      | Reached skill level 3 in Fighting
  2108 | D:2      | Reached skill level 1 in Armour
  2323 | D:2      | Noticed Natasha
  2571 | D:2      | Killed Natasha
  2612 | D:2      | Reached XP level 5. HP: 38/45 MP: 3/5
  2616 | D:2      | Learned a level 2 spell: Slow
  2620 | D:2      | Learned a level 3 spell: Portal Projectile
  2744 | D:2      | Noticed Natasha
  2747 | D:2      | Killed Natasha
  3160 | D:3      | Found a hide-covered altar of Uskayaw.
  3556 | D:3      | Reached skill level 5 in Crossbows
  3556 | D:3      | Reached skill level 2 in Armour
  3556 | D:3      | Reached skill level 3 in Dodging
  3785 | D:3      | Reached XP level 6. HP: 39/52 MP: 6/6
  4148 | D:4      | Reached skill level 4 in Fighting
  4466 | D:4      | Reached skill level 3 in Armour
  4772 | D:4      | Reached XP level 7. HP: 46/60 MP: 7/7
  5089 | D:4      | Reached skill level 4 in Dodging
  5191 | D:5      | Entered Level 5 of the Dungeon
  5365 | D:5      | Reached skill level 1 in Staves
  5437 | D:5      | Reached skill level 3 in Staves
  5491 | D:5      | Reached skill level 4 in Staves
  5876 | D:5      | Reached skill level 5 in Staves
  6096 | D:5      | Reached skill level 6 in Crossbows
  6096 | D:5      | Reached XP level 8. HP: 67/67 MP: 8/8
  6425 | D:6      | Found Kohuonn's Magic Scroll Shoppe.
  6430 | D:6      | Bought a scroll of identify for 22 gold pieces
  6430 | D:6      | Bought a scroll of identify for 22 gold pieces
  6430 | D:6      | Bought a scroll of noise for 11 gold pieces
  6430 | D:6      | Bought a scroll of silence for 82 gold pieces
  6430 | D:6      | Bought a scroll of enchant weapon for 82 gold pieces
  6430 | D:6      | Bought a scroll of teleportation for 33 gold pieces
  6430 | D:6      | Bought a scroll of amnesia for 38 gold pieces
  6437 | D:6      | Found a basalt altar of Yredelemnul.
  6537 | D:5      | Reached skill level 6 in Staves
  7219 | D:6      | Noticed Grinder
  7223 | D:6      | Killed Grinder
  7223 | D:6      | Reached skill level 7 in Staves
  7421 | D:7      | Noticed a two-headed ogre
  7422 | D:7      | Found a blossoming altar of Fedhas.
  7450 | D:6      | Killed a two-headed ogre
  7450 | D:6      | Reached skill level 8 in Staves
  7450 | D:6      | Reached skill level 7 in Crossbows
  7450 | D:6      | Reached skill level 4 in Armour
  7450 | D:6      | Reached XP level 9. HP: 18/72 MP: 9/9
  7730 | D:7      | Reached skill level 9 in Staves
  7737 | D:7      | Found Inig's Distillery.
  7746 | D:7      | Reached skill level 5 in Armour
  7775 | D:7      | Got a crystal falchion
  7776 | D:7      | Identified the +10 falchion of the Slime-mould {venom, rPois rF+ rC+ Dex-4} (You found it on level 7 of the Dungeon)
  7789 | D:7      | Bought a potion of heal wounds for 60 gold pieces
  7789 | D:7      | Bought a potion of curing for 36 gold pieces
  8345 | D:7      | Reached skill level 8 in Crossbows
  8473 | D:7      | Reached skill level 5 in Fighting
  8473 | D:7      | Reached skill level 10 in Staves
  8473 | D:7      | Reached skill level 6 in Armour
  8476 | D:7      | Noticed a hellwing
  8476 | D:7      | Noticed a hellwing
  8808 | D:7      | Bought a potion of berserk rage for 60 gold pieces
  8855 | D:7      | Found a hazy altar of Hepliaklqana.
  8857 | D:7      | Found a deep blue altar of Sif Muna.
  8860 | D:7      | Found a radiant altar of Vehumet.
  8862 | D:7      | Found a sacrificial altar of Ru.
  8863 | D:7      | Found a shimmering altar of Xom.
  8865 | D:7      | Found a bloodstained altar of Trog.
  8945 | D:7      | Reached skill level 6 in Fighting
  8953 | D:7      | Reached XP level 10. HP: 62/83 MP: 10/10
  8975 | D:7      | Reached skill level 7 in Armour
  9002 | D:7      | Reached skill level 9 in Crossbows
  9443 | D:7      | You fall through a shaft for 2 floors!
  9484 | D:8      | Noticed strifetoe's ghost (novice TeAE)
  9593 | D:9      | Reached skill level 7 in Fighting
  9615 | D:9      | Reached skill level 11 in Staves
 10342 | D:7      | Noticed Joseph
 10375 | D:7      | Killed Joseph
 10375 | D:7      | Reached skill level 8 in Armour
 10465 | D:7      | Found a staircase to the Ecumenical Temple.
 10474 | Temple   | Entered the Ecumenical Temple
 10541 | Temple   | Became a worshipper of Kikubaaqudgha
 10839 | D:8      | Found a staircase to the Lair.
 10866 | D:8      | Reached skill level 1 in Necromancy
 11355 | D:8      | Gained mutation: Armour fits poorly on your strangely shaped body. [potion of mutation]
 11355 | D:8      | Gained mutation: You are resistant to electric shocks. (rElec) [potion of mutation]
 11356 | D:8      | fuuuuuuck\
 11366 | D:8      | Killed strifetoe's ghost
 11366 | D:8      | Reached skill level 8 in Fighting
 11380 | D:8      | Reached XP level 11. HP: 88/93 MP: 11/11
 11392 | D:8      | Reached skill level 10 in Crossbows
 11409 | D:8      | Identified a potion of resistance
 12080 | D:7      | Bought a potion of mutation for 96 gold pieces
 12080 | D:7      | Bought a potion of might for 48 gold pieces
 12080 | D:7      | Lost mutation: Armour fits poorly on your strangely shaped body. [potion of mutation]
 12080 | D:7      | Lost mutation: You are resistant to electric shocks. (rElec) [potion of mutation]
 12080 | D:7      | Gained mutation: Your muscles are strong. (Str +2) [potion of mutation]
 12080 | D:7      | Gained mutation: You possess an exceptional clarity of mind. [potion of mutation]
 12155 | D:9      | Reached * piety under Kikubaaqudgha
 12155 | D:9      | Identified Kikubaaqudgha's Reference Book on Dark Arts (Kikubaaqudgha gifted it to you on level 9 of the Dungeon)
 12155 | D:9      | Received a gift from Kikubaaqudgha
 12166 | D:9      | Learned a level 1 spell: Animate Skeleton
 12170 | D:9      | Learned a level 3 spell: Regeneration
 12675 | D:9      | Reached skill level 2 in Necromancy
 13039 | D:9      | Found an ancient bone altar of Kikubaaqudgha.
 13199 | D:10     | Entered Level 10 of the Dungeon
 13394 | D:10     | Noticed a two-headed ogre
 13401 | D:10     | Killed a two-headed ogre
 13401 | D:10     | Reached skill level 1 in Charms
 13407 | D:10     | Reached skill level 12 in Staves
 13754 | D:10     | Reached ** piety under Kikubaaqudgha
 14114 | D:10     | Reached skill level 3 in Necromancy
 14288 | D:11     | Reached skill level 9 in Armour
 14364 | D:11     | Found a portal to a secret trove of treasure.
 14581 | D:11     | Noticed puppykicker's ghost (journeyman MiNe)
 14599 | D:11     | Killed puppykicker's ghost
 14599 | D:11     | Reached skill level 5 in Dodging
 15279 | D:12     | Killed an unseen horror
 15279 | D:12     | Reached skill level 9 in Fighting
 15279 | D:12     | Reached skill level 13 in Staves
 15415 | Lair:1   | Entered Level 1 of the Lair of Beasts
 15468 | Lair:1   | Reached XP level 12. HP: 73/103 MP: 9/13
 15859 | Lair:1   | Noticed Sonja
 15864 | Lair:1   | Noticed Sonja
 15864 | Lair:1   | Sonja changed into Sonja the swamp dragon
 15872 | Lair:1   | Killed Sonja the swamp dragon
 16514 | Lair:2   | Reached skill level 2 in Spellcasting
 16690 | D:7      | Bought a potion of invisibility for 96 gold pieces
 16690 | D:7      | Bought a potion of curing for 36 gold pieces
 16690 | D:7      | Bought a potion of haste for 120 gold pieces
 16844 | Lair:2   | Reached skill level 4 in Necromancy
 17037 | Lair:2   | Found a staircase to the Shoals.
 17067 | Lair:2   | Reached *** piety under Kikubaaqudgha
 17067 | Lair:2   | Identified Kikubaaqudgha's Reference Book on Darkness (Kikubaaqudgha gifted it to you on level 2 of the Lair of Beasts)
 17067 | Lair:2   | Received a gift from Kikubaaqudgha
 17076 | Lair:2   | Learned a level 4 spell: Animate Dead
 17167 | Lair:2   | Reached skill level 6 in Dodging
 17172 | Lair:2   | Reached skill level 1 in Translocations
 17408 | Lair:2   | Found a staircase to the Snake Pit.
 17443 | Lair:2   | Noticed a six-headed hydra
 17482 | Lair:2   | Killed a six-headed hydra
 17482 | Lair:2   | Reached skill level 10 in Armour
 17524 | Lair:2   | Found an iron altar of Okawaru.
 18523 | Lair:3   | Reached skill level 14 in Staves
 19225 | Lair:3   | Reached skill level 10 in Fighting
 19233 | Lair:3   | Reached skill level 7 in Dodging
 19365 | Lair:3   | Identified a scroll of acquirement
 19419 | Lair:3   | Reached **** piety under Kikubaaqudgha
 19602 | Lair:3   | Got a pitted leather armour
 19613 | Lair:3   | Identified the +3 leather armour of Taebutul {rN+} (You found it on level 3 of the Lair of Beasts)
 19854 | Lair:4   | Reached skill level 5 in Necromancy
 19920 | Lair:4   | Reached XP level 13. HP: 99/114 MP: 12/15
 20056 | Lair:4   | Found a labyrinth entrance.
 20064 | Lair:4   | Noticed Josephine
 20073 | Lair:4   | Killed Josephine
 20073 | Lair:4   | Reached skill level 11 in Armour
 20085 | Lab      | Entered a labyrinth
 20459 | Lab      | Noticed a minotaur
 20472 | Lab      | Killed a minotaur
 21005 | Lair:4   | Reached skill level 8 in Dodging
 21629 | Lair:5   | Learned a level 5 spell: Dispel Undead
 21778 | Lair:5   | Reached skill level 11 in Fighting
 21919 | Lair:5   | Reached skill level 1 in Evocations
 22448 | Lair:6   | Entered Level 6 of the Lair of Beasts
 22594 | Lair:6   | Reached skill level 6 in Necromancy
 22744 | Lair:6   | Reached ***** piety under Kikubaaqudgha
 22794 | Lair:6   | Reached skill level 2 in Charms
 22794 | Lair:6   | Reached skill level 2 in Evocations
 22848 | Lair:6   | Reached skill level 3 in Spellcasting
 23009 | Lair:6   | Reached skill level 9 in Dodging
 23024 | Lair:6   | Noticed CanOfBees's ghost (journeyman DsGl)
 23054 | Lair:6   | Reached XP level 14. HP: 42/124 MP: 3/17
 23087 | Lair:6   | Killed CanOfBees's ghost
 23132 | Lair:6   | Reached skill level 12 in Armour
 23407 | Lair:6   | Reached skill level 7 in Necromancy
 23407 | Lair:6   | Reached skill level 3 in Evocations
 23488 | Lair:6   | Found a staircase to the Slime Pits.
 23489 | Lair:6   | Found a viscous altar of Jiyva.
 24868 | D:12     | Reached skill level 3 in Charms
 25030 | D:12     | Found Dinap's Assorted Antiques.
 25041 | D:12     | Bought a ring of protection for 62 gold pieces
 25041 | D:12     | Bought a scroll of teleportation for 93 gold pieces
 25041 | D:12     | Bought a scroll of enchant armour for 232 gold pieces
 25216 | D:12     | Found a staircase to the Orcish Mines.
 25558 | D:12     | Reached skill level 12 in Fighting
 25643 | D:13     | Reached ****** piety under Kikubaaqudgha
 25679 | D:13     | Identified a +9 lajatang of pain (a +7 lajatang of electrocution bloodied by Kikubaaqudgha)
 25679 | D:13     | Received a gift from Kikubaaqudgha
 26303 | D:13     | Reached skill level 4 in Spellcasting
 26303 | D:13     | Reached skill level 4 in Evocations
 26310 | D:13     | Learned a level 5 spell: Borgnjor's Vile Clutch
 26662 | D:13     | Noticed Azrael
 26783 | D:12     | Killed Azrael
 27044 | D:13     | Reached skill level 1 in Earth Magic
 27361 | D:13     | Reached skill level 8 in Necromancy
 27374 | D:13     | Reached skill level 2 in Translocations
 27575 | D:13     | Found a gate to the Vaults.
 27802 | D:14     | Reached skill level 2 in Earth Magic
 28099 | D:14     | Reached XP level 15. HP: 97/132 MP: 20/20
 29104 | D:15     | Entered Level 15 of the Dungeon
 29126 | D:15     | Reached skill level 3 in Translocations
 29507 | D:15     | Reached skill level 3 in Hexes
 29617 | D:15     | Reached skill level 3 in Earth Magic
 29841 | D:15     | Reached skill level 9 in Necromancy
 29947 | D:15     | Found a staircase to the Depths.
 30368 | Orc:1    | Entered Level 1 of the Orcish Mines
 30392 | Orc:1    | Found a bloodstained altar of Trog.
 30537 | Orc:1    | Found a roughly hewn altar of Beogh.
 30867 | Orc:2    | Entered Level 2 of the Orcish Mines
 30953 | Orc:2    | Found a staircase to the Elven Halls.
 31143 | Orc:2    | Noticed an orc warlord
 31148 | Orc:2    | Reached skill level 4 in Earth Magic
 31394 | Orc:1    | Killed an orc warlord
 31846 | Orc:2    | Found Beuptahaat's General Store.
 31847 | Orc:2    | Found Noyblalu's Book Emporium.
 31849 | Orc:2    | Found Eqi Heyr's Antique Armour Shoppe.
 31849 | Orc:2    | Found Xeam's Antique Weapon Shoppe.
 31869 | Orc:2    | Bought a scroll of fog for 30 gold pieces
 31870 | Orc:2    | Bought a book of Minor Magic for 280 gold pieces
 31880 | Orc:2    | Bought a twisted lajatang for 700 gold pieces
 31881 | Orc:2    | Bought a glowing hat for 175 gold pieces
 31886 | Orc:2    | Identified the +6 lajatang of Blind Justice {speed, +Blink MR+} (You bought it in a shop on level 2 of the Orcish Mines)
 31904 | Orc:2    | Bought a +0 triple crossbow for 150 gold pieces
 31904 | Orc:2    | Bought a scroll of enchant armour for 112 gold pieces
 31904 | Orc:2    | Bought a scroll of enchant weapon for 112 gold pieces
 31912 | Orc:2    | Learned a level 2 spell: Blink
 31913 | Orc:2    | Bought a book of Necromancy for 420 gold pieces
 32365 | Snake:1  | Entered Level 1 of the Snake Pit
 32581 | Snake:1  | Reached skill level 10 in Necromancy
 33092 | Snake:1  | Reached skill level 4 in Translocations
 34030 | Snake:1  | Reached XP level 16. HP: 117/139 MP: 22/22
 34106 | Snake:2  | Found Wedawuon's Gadget Shoppe.
 34106 | Snake:2  | Found Foutok's Antique Armour Shoppe.
 34183 | Snake:2  | Found Toiniste's Antique Weapon Shoppe.
 34184 | Snake:2  | Found Sumienn's Assorted Antiques.
 34255 | Snake:2  | Reached skill level 4 in Hexes
 34353 | Snake:2  | Reached skill level 5 in Earth Magic
 34539 | Snake:2  | Reached skill level 5 in Spellcasting
 34659 | Snake:2  | Reached skill level 4 in Charms
 36369 | Snake:3  | Found Wagir's Gadget Emporium.
 36374 | Snake:3  | Learned a level 3 spell: Vampiric Draining
 36374 | Snake:3  | Found Mesilak's Jewellery Shop.
 36382 | Snake:3  | Found Zoumazu's Gadget Emporium.
 36408 | Snake:3  | Reached skill level 11 in Crossbows
 36422 | Snake:3  | Reached skill level 11 in Necromancy
 36478 | Snake:3  | Reached skill level 6 in Earth Magic
 36810 | Snake:2  | Bought a pair of runed gloves for 315 gold pieces
 37017 | Snake:4  | Entered Level 4 of the Snake Pit
 37164 | Snake:4  | Found Fifat's General Store.
 37473 | Snake:4  | Reached skill level 6 in Spellcasting
 37554 | Snake:4  | Reached XP level 17. HP: 126/146 MP: 20/25
 38578 | Snake:4  | Reached skill level 7 in Earth Magic
 38845 | Snake:4  | Reached skill level 12 in Crossbows
 38893 | Snake:4  | Reached skill level 12 in Necromancy
 38917 | Snake:4  | Got a serpentine rune of Zot
 39071 | Shoals:1 | Entered Level 1 of the Shoals
 40322 | D:6      | Bought a scroll of enchant weapon for 82 gold pieces
 40322 | D:6      | Bought a scroll of enchant weapon for 82 gold pieces
 40599 | Shoals:2 | Noticed a kraken
 40652 | Shoals:2 | Killed a kraken
 40686 | Shoals:2 | Noticed wevryn's ghost (journeyman MiBe)
 40790 | Shoals:2 | Killed wevryn's ghost
 40977 | Shoals:2 | Reached skill level 7 in Spellcasting
 41124 | Shoals:2 | Noticed Nikola
 41124 | Shoals:2 | Noticed Frances
 41132 | Shoals:2 | Killed Frances
 41170 | Shoals:2 | Killed Nikola
 41187 | Shoals:2 | Noticed Jorgrun
 41240 | Shoals:2 | Killed Jorgrun
 41240 | Shoals:2 | Reached skill level 8 in Earth Magic
 41376 | Shoals:2 | Found a gateway to a bazaar.
 41990 | Shoals:3 | Reached XP level 18. HP: 154/154 MP: 25/27
 42559 | Shoals:4 | Entered Level 4 of the Shoals
 42568 | Shoals:4 | Found Odaxtiph's Antique Armour Boutique.
 42613 | Shoals:4 | Noticed Ilsuiw
 42618 | Shoals:4 | Reached skill level 13 in Crossbows
 42642 | Shoals:3 | Killed Ilsuiw
 42900 | Shoals:4 | Reached skill level 13 in Necromancy
 43241 | Shoals:4 | Noticed Bai Suzhen
 43242 | Shoals:4 | Found Tekuur's Magic Scroll Boutique.
 43268 | Shoals:4 | Killed Bai Suzhen
 44262 | Shoals:4 | Got a barnacled rune of Zot
 44270 | Shoals:4 | Learned a level 6 spell: Death Channel
 44422 | Shoals:4 | Found a runed door.
 44588 | Shoals:4 | Reached skill level 8 in Spellcasting
 45178 | Depths:1 | Entered Level 1 of the Depths
 45909 | Depths:1 | Reached skill level 10 in Dodging
 46004 | Depths:1 | Found a one-way gate leading to the halls of Pandemonium.
 46068 | Depths:1 | HP: 11/154 [frost giant/battleaxe of freezing (18)]
 46068 | Depths:1 | HP: 5/154 [frost giant/battleaxe of freezing (6)]
 46071 | Depths:1 | Mangled by a deep troll earth mage

Vanquished Creatures
  Nikola (Shoals:2)
  Jorgrun (Shoals:2)
  2 krakens
  Frances (Shoals:2)
  Ilsuiw (Shoals:3)
  7 nagarajas
  A fire giant (Depths:1)
  The ghost of wevryn the Peltast, a journeyman MiBe of Trog (Shoals:2)
  An orc warlord (Orc:1)
  A stone giant (Depths:1)
  4 very ugly things (Depths:1)
  A minotaur (Lab)
  Azrael (D:12)
  2 merfolk javelineers
  7 merfolk impalers
  2 ettins
  A fire dragon (Depths:1)
  Josephine (Lair:4)
  A great orb of eyes (Depths:1)
  A rakshasa (Depths:1)
  6 hydras
  21 naga warriors
  4 vault guards (D:13)
  An alligator snapping turtle (Shoals:3)
  8 anacondas
  5 merfolk aquamancers
  An ogre mage (D:13)
  7 two-headed ogres
  4 centaur warriors
  A tengu warrior (D:14)
  A satyr (Shoals:3)
  6 death yaks (Lair:6)
  5 orc high priests
  3 deep troll earth magi (Depths:1)
  5 shock serpents
  7 naga sharpshooters
  3 skeletal warriors (D:14)
  An unseen horror (D:12)
  7 sea snakes
  A swamp dragon (Lair:1)
  A deep troll (Depths:1)
  9 naga ritualists
  A harpy (shapeshifter) (D:15)
  The ghost of strifetoe the Zephyrmancer, a novice TeAE of Kikubaaqudgha (D:8)
  A wizard (D:15)
  A deep elf mage (D:15)
  5 orc knights
  11 harpies
  An oklob plant (Lair:6)
  8 ugly things
  4 orc sorcerers
  6 fauns
  16 manticores
  A mana viper (Snake:4)
  8 salamanders
  6 cyclopes
  7 slime creatures (Depths:1)
  10 centaur zombies
  7 merfolk sirens
  28 naga magi
  Joseph (D:7)
  8 elephants
  30 black mambas
  7 guardian serpents
  2 ice statues
  7 water nymphs
  2 gargoyles
  A spiny frog (shapeshifter) (Depths:1)
  22 spiny frogs
  7 komodo dragons
  2 rime drakes (Shoals:3)
  An efreet (D:15)
  18 merfolk
  A tengu conjurer (D:13)
  A hellwing (D:7)
  5 meliai
  4 trolls
  4 tyrant leeches (Lair:6)
  A polar bear (Lair:3)
  Grinder (D:6)
  A queen bee (Lair:2)
  12 dream sheep
  5 wind drakes
  11 hippogriffs
  12 blink frogs (Lair:6)
  A dream sheep (shapeshifter) (D:15)
  13 snapping turtles
  A shadow (D:13)
  11 water elementals
  A wyvern (D:9)
  8 wraiths
  46 yaks
  A fire elemental (D:13)
  2 basilisks
  A human (D:13)
  3 steam dragons
  7 vampire mosquitoes
  42 nagas
  6 wargs
  8 water moccasins
  3 acid dragons
  4 hell hounds (D:13)
  2 hornet zombies (D:7)
  6 porcupines
  7 black bears
  31 orc warriors
  8 ice beasts
  An eye of draining (D:14)
  A phantom (D:11)
  2 sky beasts
  A necrophage (D:9)
  8 ogres
  3 boggarts (D:15)
  17 centaurs
  15 crocodiles
  A big kobold (D:12)
  29 bullfrogs
  A gnoll sergeant (D:11)
  A wyvern skeleton (D:8)
  3 scorpions
  29 killer bees
  2 electric eels
  3 wights (D:12)
  3 howler monkeys (D:9)
  4 crimson imps
  A quasit (D:9)
  2 bullfrog zombies
  7 hounds
  A jelly (Lair:2)
  17 orc priests
  A bullfrog skeleton (D:4)
  8 centaur skeletons
  Natasha (thrice) (D:2)
  27 orc wizards
  2 iguanas
  8 worker ants
  A hound zombie (D:7)
  Robin (D:1)
  16 gnolls
  11 adders
  10 shadow imps
  An adder zombie (D:6)
  3 adder skeletons
  5 worms
  2 dart slugs
  5 leopard geckos
  95 orcs
  4 bats
  6 giant cockroaches
  12 goblins
  20 hobgoblins
  9 jackals
  11 kobolds
  7 quokkas
  A ball python (D:2)
  4 frilled lizards
  A giant cockroach zombie (D:5)
  2 jackal zombies (D:6)
  7 rats
  5 fungi (Lair:6)
  2 plants
  2 tentacles (Shoals:2)
1089 creatures vanquished.

Vanquished Creatures (collateral kills)
  Bai Suzhen (Shoals:4)
  3 nagarajas
  The ghost of CanOfBees the Pandemonic, a journeyman DsGl of Makhleb (Lair:6)
  2 merfolk javelineers (Shoals:4)
  5 merfolk impalers
  An ice dragon (Depths:1)
  The ghost of puppykicker the Merchant of Misery, a journeyman MiNe of Kikubaaqudgha (D:11)
  A merfolk avatar (Shoals:4)
  2 naga warriors (Snake:4)
  A hydra (Lair:6)
  An anaconda (Snake:4)
  An alligator snapping turtle (Shoals:4)
  A two-headed ogre (D:15)
  A satyr (Shoals:4)
  5 death yaks (Lair:6)
  A shock serpent (Snake:1)
  A naga sharpshooter (Snake:4)
  A sea snake (Snake:2)
  A naga ritualist (Snake:4)
  3 harpies (Shoals:1)
  A mana viper (Snake:4)
  2 manticores (Shoals:4)
  5 fauns
  2 salamanders
  A water nymph (Shoals:4)
  2 merfolk sirens
  A guardian serpent (Snake:3)
  An elephant (Lair:4)
  A black mamba (Snake:1)
  4 naga magi
  2 centaur skeletons (D:10)
  6 spiny frogs (Lair:6)
  2 komodo dragons (Lair:6)
  8 merfolk
  4 wind drakes
  3 snapping turtles (Shoals:4)
  A hippogriff (Lair:6)
  3 blink frogs (Lair:6)
  A shadow (D:10)
  4 water elementals
  4 yaks
  3 vampire mosquitoes (Lair:6)
  A warg (Orc:2)
  14 nagas
  A water moccasin (Lair:6)
  A porcupine (Lair:2)
  A sky beast (D:9)
  2 ogres (D:9)
  A centaur (D:11)
  2 crocodiles
  6 bullfrogs
  2 killer bees (Lair:2)
  An electric eel (Snake:2)
  A hound (D:10)
  A bullfrog skeleton (D:10)
  2 orc priests
  3 orc wizards
  An iguana (D:11)
  7 orcs
  A jackal (D:11)
  6 fungi (Lair:6)
  11 plants
  A tentacle (Shoals:3)
161 creatures vanquished.

Vanquished Creatures (others)
  A merfolk javelineer (Shoals:4)
  A merfolk aquamancer (Shoals:4)
  A faun (Shoals:2)
  A manticore (Shoals:2)
  4 yaks (Lair:2)
  36 fungi
  78 plants
  26 tentacles
  10 withered plants (D:7)
158 creatures vanquished.

Grand Total: 1408 creatures vanquished
